Map: Port Aleksander LE

Players

DnS - Winner!

  • Race: Protoss Protoss
  • Spawn Location: 5:00

Cronos

  • Race: Protoss Protoss
  • Spawn Location: 11:00

Event: 2019 WCS Spring

VOD

Have the link to the VOD?

Description

Time

  • Played on: May 17, 2019, 6:28 a.m.
  • Length: 9:58

All games in this series

Show
View Real Time Build Order
Export as new Build Order

DnS Protoss - Winner!

Build Orders: Oracle Opening, Zealot Archon 

Get SALT Encoding   

  12  0:00  Probe  
  13  0:12  Probe  
  14  0:17  Pylon  
  14  0:24  Probe  
  15  0:32  Probe  
  15  0:38  Gateway  
  15  0:40  Probe  
  16  0:47  Assimilator  
  17  0:51  Probe  
  17  0:56  Assimilator  
  18  1:02  Probe  
  19  1:09  Gateway  
  19  1:10  Probe  
  19  1:18  Probe  
  21  1:26  Cybernetics Core  
  21  1:29  Probe  
  22  1:38  Pylon  
  22  1:41  Probe  
  23  1:56  Probe  
  24  2:02  Stalker  
  24  2:03  Sentry  
  24  2:06  Warp Gate  
  28  2:12  Pylon  
  28  2:29  Pylon  
  28  2:34  Stargate  
  28  2:43  Stalker  
  30  2:54  Stalker  
  32  3:00  Nexus  
  32  3:06  Probe  
  32  3:10  Oracle  
  33  3:18  Probe  
  37  3:29  Pylon  
  37  3:30  Probe  
  38  3:41  Oracle  
  38  3:42  Probe  
  39  3:54  Probe  
  43  3:57  Adept  
  43  3:58  Adept  
  47  4:08  Probe  
  47  4:12  Probe  
  47  4:16  Probe  
  49  4:24  Probe  
  48  4:26  Probe  
  49  4:36  Probe  
  49  4:37  Robotics Facility  
  50  4:38  Probe  
  51  4:48  Probe  
  51  4:50  Probe  
  49  4:58  Forge  
  49  5:00  Probe  
  49  5:02  Probe  
  49  5:05  Assimilator  
  51  5:07  Assimilator  
  51  5:12  Sentry, Probe  
  54  5:15  Probe  
  54  5:17  Immortal  
  55  5:24  Probe  
  55  5:25  Shield Battery  
  55  5:27  Probe, Pylon  
  61  5:36  Probe, Pylon  
  61  5:38  Shield Battery  
  62  5:44  Immortal  
  62  5:45  Probe  
  62  5:47  Stalker x2  
  62  5:48  Probe  
  69  6:06  Twilight Council  
  68  6:14  Stalker, Sentry  
  68  6:16  Protoss Ground Weapons Level 1  
  68  6:17  Warp Prism  
  72  6:25  Gateway  
  74  6:27  Gateway  
  74  6:34  Charge, Gateway x2  
  74  6:39  Gateway  
  74  6:44  Gateway  
  74  6:50  Templar Archives  
  74  6:53  Observer  
  75  7:15  Nexus  
  75  7:16  Pylon  
  75  7:19  Pylon  
  75  7:20  Pylon  
  75  7:25  Pylon  
  75  7:29  Zealot  
  77  7:30  Pylon  
  77  7:34  Immortal  
  81  7:46  High Templar  
  81  7:47  High Templar x3  
  81  7:49  Zealot x2  
  81  7:50  Zealot x2  
  97  7:51  Archon x2  
  97  7:58  Pylon  
  94  8:12  Zealot  
  94  8:13  Zealot x2  
  100  8:27  High Templar x2  
  100  8:28  Zealot x3  
  100  8:31  Archon  
  110  8:34  Zealot x2  
  110  8:36  Zealot  
  116  8:51  Zealot x3  
  116  8:55  Zealot x2  
  118  9:03  Zealot x2  
  118  9:04  Zealot  
  122  9:24  High Templar x3  
  122  9:25  Zealot x4, High Templar  
  122  9:30  Archon x2  
  122  9:31  Observer  
  139  9:32  Pylon  
  139  9:33  Pylon  
  133  9:47  Zealot x2  
  133  9:52  Zealot x2  
Show
View Real Time Build Order
Export as new Build Order

Cronos Protoss 

Build Orders:  

Get SALT Encoding   

  12  0:03  Probe  
  13  0:15  Probe  
  13  0:18  Pylon  
  14  0:28  Probe  
  15  0:38  Gateway  
  15  0:39  Probe  
  16  0:47  Probe  
  16  0:53  Assimilator  
  17  1:00  Probe  
  18  1:13  Gateway  
  18  1:14  Probe  
  18  1:18  Assimilator  
  19  1:27  Cybernetics Core  
  19  1:35  Probe  
  20  1:42  Pylon  
  20  1:47  Probe  
  21  2:04  Stalker x2  
  25  2:09  Probe  
  26  2:19  Pylon  
  26  2:21  Probe  
  26  2:22  Warp Gate  
  27  2:36  Probe  
  28  2:39  Stalker  
  30  2:44  Stalker  
  32  2:58  Shield Battery  
  32  2:59  Probe  
  33  3:18  Nexus  
  33  3:31  Shield Battery  
  33  3:36  Probe  
  33  3:41  Robotics Facility  
  34  3:48  Probe  
  34  3:54  Pylon  
  35  4:00  Probe  
  36  4:13  Probe  
  36  4:14  Stalker x2  
  40  4:25  Probe  
  40  4:27  Probe  
  42  4:31  Shield Battery  
  42  4:35  Probe  
  42  4:37  Probe  
  43  4:39  Immortal  
  47  4:47  Probe  
  47  4:49  Probe  
  49  4:54  Pylon  
  49  4:57  Probe  
  45  5:01  Probe  
  45  5:05  Probe  
  46  5:13  Probe x2  
  48  5:17  Stalker  
  51  5:25  Probe x2  
  51  5:28  Stalker  
  55  5:35  Twilight Council  
  55  5:37  Probe  
  56  5:54  Immortal  
  54  6:00  Probe x2  
  56  6:05  Gateway  
  56  6:08  Gateway  
  56  6:10  Sentry  
  62  6:14  Pylon  
  62  6:16  Charge  
  62  6:21  Assimilator  
  62  6:23  Assimilator  
  62  6:27  Pylon  
  62  6:29  Gateway  
  62  6:35  Forge  
  62  6:37  Pylon  
  62  6:41  Stalker  
  64  6:48  Stalker  
  64  6:53  Gateway  
  66  6:57  Gateway  
  66  7:00  Observer  
  67  7:12  Probe  
  67  7:14  Photon Cannon  
  67  7:15  Probe  
  68  7:18  Immortal  
  73  7:27  Probe, Pylon  
  74  7:30  Zealot x2  
  75  7:47  Probe  
  75  7:49  Photon Cannon, Probe  
  75  7:59  Probe  
  76  8:16  Probe  
  76  8:17  Zealot  
  76  8:18  Zealot x5  
  89  8:20  Pylon  
  89  8:21  Probe  
  90  8:28  Probe  
  90  8:30  Zealot  
  93  8:35  Dark Shrine  
  92  8:54  Pylon  
  74  9:03  Pylon  
  62  9:11  Pylon  
  62  9:16  Probe  
  51  9:22  Pylon  
  51  9:25  Stalker, Zealot x2  
  57  9:43  Zealot  
  54  9:49  Dark Templar x3  
Tags
 
Add a new tag
Caveats
  • Supply blocks, unpowered buildings, or Contaminate may cause inaccurate times.
  • Supply counts are checked every 10 seconds.